AoeStats
← Bryant

Fortress

507491674Analyzed
4v4 RM · 14d ago on Sep 18, 2026· 42m 48s· 8 players
Game mode
Random Map
Map size
Huge
Population
200
Speed
Normal
Resources
Standard
Victory
Conquest
Starting age
Dark Age
Ending age
Imperial Age
RankedLock teamsTeams togetherTeam positionsShared explorationLock speedFull tech treeHidden civsTurbo modeCheats
Victory
Defeat
🇻🇳 Teutons · Vietnam
1320
+11
🇹🇼 Spanish · Taiwan
1238
+14
🇹🇼 Britons · Taiwan
1138
+18
🇻🇳 Franks · Vietnam
1088
+19
🇵🇪 Italians · Peru
1237
-18
🇹🇷 Goths · Türkiye
1209
-16
🇹🇼 Shu · Taiwan
1152
-14
🇹🇼 Burgundians · Taiwan
1145
-14
xl5789361
7:25 Feudal Age
11:26 Castle Age
9:44 Double-Bit Axe
10:11 Horse Collar
13:18 Bow Saw
13:18 Heavy Plow
18:59 Loom
19:49 Wheelbarrow
19:10 Gold Mining
21:25 Hand Cart
21:41 Town Watch
26:51 Imperial Age
25:00 Scale Barding Armor
25:36 Bloodlines
25:26 Husbandry
25:41 Forging
27:55 Conscription
26:57 Cavalier
28:22 Chain Barding Armor
28:38 Iron Casting
30:05 Plate Barding Armor
29:54 Paladin
34:55 Chemistry
34:17 Capped Ram
36:18 Blast Furnace
35:20 Caravan
41:54 Light Cavalry
CK.Leighton
7:42 Feudal Age
11:17 Castle Age
11:39 Double-Bit Axe
11:36 Horse Collar
13:07 Sanctity
13:49 Bow Saw
20:10 Wheelbarrow
20:09 Stone Mining
21:24 Gold Mining
23:17 Heavy Plow
27:13 Imperial Age
24:30 Loom
25:40 Gold Shaft Mining
25:28 Fletching
26:03 Ballistics
25:25 Treadmill Crane
25:48 Padded Archer Armor
26:07 Hand Cart
26:10 Bodkin Arrow
27:23 Leather Archer Armor
27:53 Yeomen
28:17 Conscription
28:03 Bracer
29:07 Chemistry
28:54 Town Watch
29:13 Elite Longbowman
31:06 Warwolf
35:31 Caravan
36:02 Coinage
35:42 Guilds
36:45 Ring Archer Armor
38:24 Banking
lequochuypy96
7:59 Feudal Age
9:33 Double-Bit Axe
12:26 Castle Age
10:13 Horse Collar
10:40 Gold Mining
12:01 Wheelbarrow
15:00 Hand Cart
15:32 Bow Saw
15:26 Heavy Plow
20:17 Hand Cart
22:30 Stone Mining
26:28 Imperial Age
24:08 Loom
26:03 Stone Shaft Mining
25:58 Forging
25:49 Scale Mail Armor
26:15 Fletching
26:37 Fortified Wall
26:37 Man-at-Arms
26:38 Pikeman
27:19 Squires
27:04 Gambesons
27:04 Arson
27:36 Chain Mail Armor
27:56 Iron Casting
27:21 Padded Archer Armor
28:25 Chemistry
27:47 Ballistics
27:12 Arrowslits
27:38 Masonry
28:55 Conscription
29:11 Hoardings
28:33 Bodkin Arrow
28:20 Long Swordsman
28:21 Halberdier
28:27 Halberdier
29:43 Plate Mail Armor
29:09 Bodkin Arrow
30:37 Bombard Tower
30:24 Siege Engineers
30:31 Masonry
29:52 Two-Handed Swordsman
32:23 Blast Furnace
31:23 Padded Archer Armor
30:52 Champion
34:21 Elite Skirmisher
37:49 Caravan
39:18 Coinage
38:58 Guilds
40:47 Crop Rotation
bthi68153
1:44 Loom
8:04 Feudal Age
13:32 Castle Age
11:36 Double-Bit Axe
12:13 Gold Mining
13:04 Stone Mining
20:40 Fletching
21:51 Bow Saw
22:57 Elite Skirmisher
23:45 Padded Archer Armor
27:35 Imperial Age
25:46 Bodkin Arrow
25:58 Pikeman
26:39 Squires
26:41 Scale Mail Armor
27:34 Wheelbarrow
27:22 Leather Archer Armor
28:11 Chain Mail Armor
29:31 Chemistry
30:12 Plate Mail Armor
菸島狼
8:07 Feudal Age
6:37 Loom
10:04 Double-Bit Axe
12:24 Castle Age
10:12 Horse Collar
11:17 Stone Mining
18:44 Gold Mining
19:37 Bow Saw
24:15 Wheelbarrow
24:54 Fortified Wall
29:38 Imperial Age
27:42 Scale Mail Armor
27:53 Forging
27:51 Squires
28:32 Pikeman
29:54 Burgundian Vineyards
30:54 Chain Mail Armor
30:32 Halberdier
33:13 Conscription
33:40 Plate Mail Armor
39:32 Iron Casting
Bryant
8:35 Feudal Age
6:52 Loom
12:39 Castle Age
10:53 Double-Bit Axe
10:50 Horse Collar
14:18 Bow Saw
16:43 Wheelbarrow
20:24 Gold Mining
20:58 Heavy Plow
21:31 Stone Mining
21:55 Crossbowman
24:54 Hand Cart
26:00 Gambesons
26:16 Squires
29:20 Imperial Age
27:12 Fletching
27:23 Padded Archer Armor
28:13 Thumb Ring
28:36 Bodkin Arrow
29:23 Leather Archer Armor
29:48 Arbalester
31:57 Bracer
32:27 Ring Archer Armor
32:45 Bolt Magazine
33:05 Conscription
33:10 Elite Skirmisher
34:26 Scale Mail Armor
34:37 Forging
38:06 Chemistry
37:27 Ballistics
37:12 Siege Engineers
39:38 Chain Mail Armor
AGARRINI LA PALINI
0:41 Loom
8:42 Feudal Age
9:13 Double-Bit Axe
12:56 Castle Age
13:13 Wheelbarrow
12:25 Horse Collar
14:00 Silk Road
17:36 Bow Saw
19:38 Guard Tower
20:45 Fortified Wall
20:15 Treadmill Crane
21:53 Fletching
22:35 Town Watch
26:38 Imperial Age
24:36 Squires
25:16 Ballistics
24:36 Treadmill Crane
26:00 Gold Mining
26:00 Stone Mining
28:28 Chemistry
28:05 Caravan
29:16 Conscription
30:56 Masonry
30:43 Murder Holes
31:06 Elite Genoese Crossbowman
32:26 Hand Cart
33:06 Architecture
33:31 Keep
32:41 Arrowslits
34:12 Bodkin Arrow
34:17 Padded Archer Armor
36:10 Bracer
36:25 Leather Archer Armor
38:59 Ring Archer Armor
39:04 Pirotechnia
39:30 Forging
39:20 Scale Mail Armor
41:13 Elite Skirmisher
41:58 Thumb Ring
sweetyboy
7:32 Feudal Age
12:17 Castle Age
10:12 Double-Bit Axe
11:11 Horse Collar
13:37 Heavy Plow
15:16 Loom
18:45 Bow Saw
19:38 Wheelbarrow
20:47 Hand Cart
26:11 Imperial Age
24:59 Forging
24:49 Scale Mail Armor
24:53 Squires
24:57 Anarchy
26:22 Iron Casting
26:49 Chain Mail Armor
26:23 Elite Huskarl
27:25 Conscription
26:57 Capped Ram
29:53 Two-Man Saw
31:21 Blast Furnace
30:13 Fletching
32:11 Man-at-Arms
32:57 Long Swordsman
33:40 Pikeman
33:40 Two-Handed Swordsman
34:26 Champion
35:25 Halberdier
Connection lost

Rejoining the realm…

Still unreachable

The connection could not be restored.

Session expired

The server has moved on; the page needs a fresh start.